 Dungeon Crawl Stone Soup version 0.21.0 (webtiles) character file.

6490 8fpsbossfight the Spear-Bearer (level 10, -2/91 HPs)
             Began as a Minotaur Monk on Jan 7, 2018.
             Was a High Priest of Lugonu.
             Slain by a komodo dragon (28 damage)
             ... on level 1 of the Lair of Beasts.
             The game lasted 00:21:36 (10715 turns).

8fpsbossfight the Spear-Bearer (Minotaur Monk)     Turns: 10715, Time: 00:21:37

Health: -2/91      AC:  8    Str: 18    XL:     10   Next: 68%
Magic:  14/14      EV: 14    Int:  7    God:    Lugonu [*****.]
Gold:   468        SH:  0    Dex: 14    Spells: 9/9 levels left

rFire    . . .     SeeInvis +   a - +1 trident
rCold    . . .     Gourm    .   (no shield)
rNeg     + . .     Faith    .   C - +0 scale mail
rPois    .         Spirit   .   (helmet restricted)
rElec    .         Reflect  .   (no cloak)
rCorr    .         Harm     .   v - +1 pair of gloves
MR       .....                  (no boots)
Stlth    ..........             (no amulet)
HPRegen  0.25/turn              z - ring of see invisible
MPRegen  0.14/turn              A - ring of positive energy

@: no status effects
A: retaliatory headbutt, horns 2
a: Depart the Abyss, Bend Space, Banish, Corrupt, Enter the Abyss, Renounce
Religion


You were on level 1 of the Lair of Beasts.
You worshipped Lugonu.
Lugonu was extremely pleased with you.
You were not hungry.

You visited 2 branches of the dungeon, and saw 10 of its levels.

You collected 629 gold pieces.
You spent 161 gold pieces at shops.

Inventory:

Hand Weapons
 a - a +1 trident (weapon)
   (You took it off an orc on level 4 of the Dungeon)
Missiles
 o - a throwing net (quivered) {!f}
Armour
 v - a +1 pair of gloves (worn)
   (You found it on level 5 of the Dungeon)
 C - a +0 scale mail (worn)
   (You found it on level 7 of the Dungeon)
Jewellery
 z - a ring of see invisible (left hand)
   (You found it on level 3 of the Dungeon)
 A - a ring of positive energy (right hand)
   (You found it on level 8 of the Dungeon)
Wands
 c - a wand of disintegration (13)
   (You found it on level 9 of the Dungeon)
 d - a wand of iceblast (7)
   (You found it on level 9 of the Dungeon)
 n - a wand of scattershot (6)
   (You found it on level 6 of the Dungeon)
 t - a wand of flame (9)
   (You found it on level 7 of the Dungeon)
 x - a wand of acid (1)
   (You found it on level 4 of the Dungeon)
 B - a wand of clouds (3)
   (You found it on level 5 of the Dungeon)
Scrolls
 b - 2 scrolls of immolation {!r}
 f - 4 scrolls of teleportation {@r4}
 h - a scroll of amnesia
 j - 6 scrolls of remove curse {@r2}
 k - a scroll of enchant armour
 m - 2 scrolls of enchant weapon
 r - 2 scrolls of fog
 s - 2 scrolls of magic mapping
 y - a scroll of summoning
 F - a scroll of identify {@r1}
Potions
 g - a potion of agility
 i - 3 potions of flight
 l - 3 potions of curing {@q1}
 p - a potion of cancellation
 q - a potion of might
 u - a potion of heal wounds {@q2}
 w - a potion of invisibility
 D - 3 potions of mutation {!q}
 E - a potion of brilliance
Comestibles
 e - 13 rations


   Skills:
 + Level 9.4 Fighting
 * Level 12.5 Polearms
 + Level 2.5 Armour
 + Level 8.6 Dodging
 - Level 1.5 Stealth
 + Level 6.9 Invocations


You had 9 spell levels left.
You didn't know any spells.

Dungeon Overview and Level Annotations

Branches:
Dungeon (9/15)             Temple (0/1) D:4            Lair (1/6) D:8
    Orc: D:9-12

Altars:
Trog
Uskayaw
Lugonu

Shops:
D:6 *   D:8 (%!(!

Annotations:
D:7 1 runed door


Innate Abilities, Weirdness & Mutations

You reflexively headbutt those who attack you in melee.
You have a pair of horns on your head.


Message History

There is a stone staircase leading up here.
You climb upwards.
There is a stone staircase leading down here.
There is a staircase to the Lair here.
You climb downwards.
Welcome to the Lair of Beasts!
There is a staircase back to the Dungeon here.
You eat one of the 14 rations.
That ration really hit the spot!
A six-headed hydra comes into view.
Aim: a six-headed hydra (chance to defeat MR: 54%)
The six-headed hydra resists with significant effort.
You feel somewhat more hungry.
Aim: a six-headed hydra (chance to defeat MR: 54%)
The six-headed hydra resists with significant effort.
You feel somewhat more hungry.
Aim: a six-headed hydra (chance to defeat MR: 54%)
The six-headed hydra is devoured by a tear in reality.
Lugonu claims a new guest.
You feel somewhat more hungry.
Unknown command.
You start resting.
Found a scroll of identify.
Found a ring of ice.
F - a scroll of identify {@r1} You open the door.
There is an open door here.
Found a silver wand.
You don't have any unidentified items.
A komodo dragon comes into view.
The komodo dragon hisses angrily.
The komodo dragon hisses menacingly.
Found a crooked glowing staff.
A komodo dragon is nearby!
A komodo dragon is nearby!
You puncture the komodo dragon! The komodo dragon bites you!!
You barely miss the komodo dragon. You headbutt the komodo dragon.
You hit the komodo dragon. You headbutt the komodo dragon.
The komodo dragon bites you!
You hit the komodo dragon but do no damage.
Your headbutt misses the komodo dragon. The komodo dragon bites you!!
* * * LOW HITPOINT WARNING * * *
You hit the komodo dragon but do no damage.
You headbutt the komodo dragon! You hit the komodo dragon.
The komodo dragon bites you.
* * * LOW HITPOINT WARNING * * *
You hit the komodo dragon. You headbutt the komodo dragon.
The komodo dragon bites you.
* * * LOW HITPOINT WARNING * * *
You hit the komodo dragon. You headbutt the komodo dragon.
You hit the komodo dragon. The komodo dragon bites you!!
You die...

## ##.........
#≈♣♣#...#......#
#♣♣≈.....#.P./#.#
≈PPP.............
≈PP≈.............
≈PP≈.......|....
♣≈≈............
#...@l......
##.#######.#
#.########
#........#
#.##.....#
##.'......#
#..########
#..###.###
##........


You could see a komodo dragon.

Vanquished Creatures
  A troll (D:9)
  Prince Ribbit (D:9)
  2 hippogriffs (D:9)
  8 yaks (D:9)
  A wyvern (D:9)
  A soldier ant (D:9)
  2 hell hounds (D:8)
  A phantom (D:7)
  An ice beast (D:6)
  A sky beast (D:4)
  2 black bears
  6 ogres
  3 centaurs
  3 bullfrogs
  A scorpion (D:8)
  8 killer bees
  2 howler monkeys
  2 crimson imps
  A bullfrog zombie (D:9)
  A centaur zombie (D:5)
  2 jellies
  2 orc priests (D:4)
  A bullfrog skeleton (D:9)
  9 orc wizards
  4 gnoll shamans (D:5)
  2 iguanas
  6 worker ants
  4 hound skeletons
  A howler monkey zombie (D:5)
  A worker ant zombie (D:6)
  39 gnolls
  8 adders
  3 shadow imps
  2 adder skeletons
  2 worms
  A dart slug (D:4)
  5 leopard geckos
  44 orcs
  2 ball pythons
  5 giant cockroaches
  8 goblins
  8 hobgoblins
  21 jackals
  3 quokkas
  A ball python skeleton (D:5)
  2 bats
  4 frilled lizards (D:1)
  7 kobolds
  A leopard gecko skeleton (D:5)
  A quokka skeleton (D:4)
  6 rats
253 creatures vanquished.

Vanquished Creatures (others)
  A hydra (Lair:1)
  A two-headed ogre (D:9)
  2 orc warriors (D:8)
  A killer bee (D:9)
5 creatures vanquished.

Grand Total: 258 creatures vanquished

Notes
Turn   | Place    | Note
-------+----------+-------------------------------------------
     0 | D:1      | 8fpsbossfight the Minotaur Monk began the quest for the Orb.
     0 | D:1      | Reached XP level 1. HP: 19/19 MP: 0/0
   220 | D:1      | Reached skill level 4 in Polearms
   243 | D:1      | Reached XP level 2. HP: 14/27 MP: 1/1
  1117 | D:2      | Reached XP level 3. HP: 21/33 MP: 2/2
  1332 | D:2      | Found a faded altar of an unknown god.
  1602 | D:2      | Became a worshipper of Lugonu the Unformed
  1602 | D:2      | Reached * piety under Lugonu
  1602 | D:2      | Reached ** piety under Lugonu
  1602 | D:2      | Reached *** piety under Lugonu
  1897 | D:2      | Reached XP level 4. HP: 39/40 MP: 3/3
  1950 | D:2      | Reached skill level 5 in Polearms
  2353 | D:3      | Reached **** piety under Lugonu
  2711 | D:3      | Reached skill level 1 in Invocations
  2713 | D:3      | Reached XP level 5. HP: 47/47 MP: 4/4
  3089 | D:4      | Noticed an ogre
  3097 | D:4      | Killed an ogre
  3097 | D:4      | Reached skill level 6 in Polearms
  3097 | D:4      | Reached XP level 6. HP: 21/55 MP: 6/6
  3099 | D:4      | Reached skill level 5 in Fighting
  3519 | D:4      | Reached skill level 7 in Polearms
  3519 | D:4      | Reached skill level 5 in Dodging
  3519 | D:4      | Reached XP level 7. HP: 37/61 MP: 7/7
  3809 | D:4      | Found a staircase to the Ecumenical Temple.
  4027 | D:5      | Entered Level 5 of the Dungeon
  4054 | D:4      | HP: 2/62 [something (5)]
  4357 | D:5      | Reached ***** piety under Lugonu
  4911 | D:5      | Reached skill level 8 in Polearms
  4911 | D:5      | Reached XP level 8. HP: 57/70 MP: 9/9
  5866 | D:5      | Reached skill level 9 in Polearms
  6782 | D:6      | Found Vaomiwn's General Store.
  6785 | D:6      | Bought a scroll of identify for 28 gold pieces
  6785 | D:6      | Bought a scroll of summoning for 133 gold pieces
  7098 | D:6      | Reached XP level 9. HP: 76/79 MP: 11/11
  7255 | D:6      | Reached skill level 10 in Polearms
  7544 | D:7      | Reached skill level 5 in Invocations
  7696 | D:7      | Found a hide-covered altar of Uskayaw.
  7842 | D:7      | Found a runed door.
  7890 | D:8      | Found Fosyv's Distillery.
  8274 | D:8      | Found Votoxtu's Weapon Shop.
  8293 | D:8      | Found Foahifed's Distillery.
  8473 | D:8      | Found a bloodstained altar of Trog.
  8485 | D:8      | Found Onidif's Weapon Emporium.
  8494 | D:8      | Found Luomibet's Food Shoppe.
  8832 | D:8      | Found a staircase to the Lair.
  8867 | D:8      | Reached skill level 11 in Polearms
  9395 | D:9      | Noticed Prince Ribbit
  9411 | D:9      | Reached XP level 10. HP: 85/90 MP: 13/13
  9414 | D:9      | Killed Prince Ribbit
  9415 | D:9      | Reached ****** piety under Lugonu
  9503 | D:9      | Noticed a two-headed ogre
  9517 | D:9      | Banished a two-headed ogre
  9867 | D:9      | Reached skill level 12 in Polearms
 10207 | D:9      | Reached skill level 1 in Armour
 10552 | Lair:1   | Entered Level 1 of the Lair of Beasts
 10554 | Lair:1   | Noticed a six-headed hydra
 10557 | Lair:1   | Banished a six-headed hydra
 10715 | Lair:1   | Slain by a komodo dragon

Skill      XL: |  1  2  3  4  5  6  7  8  9 10 |
---------------+-------------------------------+-----
Polearms       | 4 5 6 7 8 9 11 12 | 12.5
Fighting       | 4 5 6 7 8 9 |  9.4
Dodging        | 4 5 6 7 8 |  8.6
Invocations    | 1 2 3 4 6 |  6.9
Armour         | 2 |  2.5
Stealth        | |  1.5

Action                   |  1- 3 |  4- 6 |  7- 9 | 10-12 || total
-------------------------+-------+-------+-------+-------++-------
Melee: Spear             |    91 |   148 |       |       ||   239
       Headbutt          |     7 |    25 |    70 |    29 ||   131
       Trident           |       |       |   549 |    89 ||   638
Invok: Bend Space        |       |       |     1 |     1 ||     2
       Banish            |       |       |     2 |     4 ||     6
Evoke: Wand              |       |     5 |     2 |     2 ||     9
  Use: Scroll            |       |     1 |    19 |       ||    20
       Potion            |       |       |     4 |       ||     4
 Stab: Sleeping          |     4 |     2 |       |       ||     6
       Distracted        |     1 |       |     3 |       ||     4
       Confused          |       |       |     4 |     1 ||     5
  Eat: Chunk             |     3 |     5 |    11 |     2 ||    21
       Ration            |       |       |     3 |     1 ||     4
Armor: Robe              |     4 |     3 |       |       ||     7
       Leather armour    |       |       |    31 |       ||    31
       Scale mail        |       |       |    23 |    11 ||    34
       Skin              |       |       |    18 |       ||    18
       Ring mail         |       |       |     8 |       ||     8
Dodge: Dodged            |    31 |    58 |   204 |    34 ||   327
